[Event "Titled Tuesday Blitz May 2 Late 2023"]
[White "Djokic, Mihailo"]
[Black "Wieczorek, Zbigniew"]
[WhiteFideId "976440"]
[BlackFideId "1102001"]
[WhiteElo "2294"]
[BlackElo "2150"]
[Result "1/2-1/2"]
[Round "02"]
[TimeControl "180+2"]
[Date "2023.05.02"]
[WhiteClock "0:00:05"]
[BlackClock "0:00:10"]

1. e4 g6 2. d4 Bg7 3. Nc3 c6 4. Nf3 d5 5. Be2 Bg4 6. exd5 cxd5 7. Ne5 Bxe2 8. Qxe2 a6 9. Qf3 Nf6 10. Bg5 Nc6 11. Rd1 O-O 12. O-O Qd6 13. Rfe1 Rad8 14. Bf4 Qb4 15. a3 Qb6 16. Na4 Qa5 17. Nxc6 bxc6 18. Nc5 Qb5 19. b3 Rfe8 20. Be5 Nd7 21. Bxg7 Kxg7 22. Nd3 Qb6 23. Nf4 Nf6 24. h4 Qc7 25. c4 dxc4 26. bxc4 Rd7 27. d5 Red8 28. h5 cxd5 29. cxd5 Qd6 30. Rd3 Qc5 31. Red1 Rd6 32. hxg6 hxg6 33. Qe2 Qb5 34. Qe5 Qd7 35. Rf3 Qf5 36. Qxf5 gxf5 37. Rg3+ Kf8 38. Rgd3 e5 39. dxe6 Rxd3 40. Rxd3 Rxd3 41. Nxd3 fxe6 42. Nc5 Ke7 43. Nxa6 Nd5 44. Nb4 Nc3 45. Nc6+ Kd6 46. Nd4 Kd5 47. Nb3 Kc4 48. Nd2+ Kd3 49. Nf3 Kc4 50. Kf1 Nb5 51. Ne5+ Kd5 52. Nd7 Nxa3 53. Ke2 Ke4 54. Nf6+ Ke5 55. Nd7+ Kd6 56. Nb6 Nb5 57. Nc4+ Kd5 58. Ne3+ Kd6 59. Kd3 Ke7 60. Nc4 Nd6 61. Nd2 Nf7 62. f3 Kf6 63. Ke3 e5 64. Nc4 Ng5 65. Kf2 Ne6 66. Ne3 Ng5 67. Nd5+ Ke6 68. Ne3 Kf6 69. g3 Ne6 70. Ng2 f4 71. g4 Kg5 72. Ne1 Nc5 73. Ke2 e4 74. fxe4 Nxe4 75. Kf3 Nd2+ 76. Ke2 Kxg4 77. Kxd2 Kg3 78. Ke2 f3+ 79. Nxf3 1/2-1/2


[Site "https://www.chess.com"]

[Event "Titled Tuesday Blitz May 2 Late 2023"]
[White "Adel, Sara"]
[Black "Aldokhin, Ivan"]
[WhiteFideId "10616764"]
[BlackFideId "24115720"]
[WhiteElo "1982"]
[BlackElo "2322"]
[Result "0-1"]
[Round "02"]
[TimeControl "180+2"]
[Date "2023.05.02"]
[WhiteClock "0:00:09"]
[BlackClock "0:00:07"]

1. e4 c5 2. Nc3 Nc6 3. f4 d6 4. Nf3 Nf6 5. Bc4 e6 6. d3 d5 7. Bb5 dxe4 8. Bxc6+ bxc6 9. Nxe4 Nxe4 10. dxe4 Qxd1+ 11. Kxd1 Ba6 12. Be3 O-O-O+ 13. Ke1 f6 14. Kf2 h6 15. h4 h5 16. Rhd1 Be7 17. e5 Bc4 18. b3 Bd5 19. c4 Be4 20. g3 Rhf8 21. exf6 gxf6 22. Bd2 Rd3 23. Ne1 Rd7 24. Ba5 e5 25. Rxd7 Kxd7 26. fxe5 fxe5+ 27. Ke3 Bf5 28. Nf3 Bf6 29. Rd1+ Ke6 30. Bc7 Rg8 31. Rd6+ Ke7 32. Kf2 e4 33. Ng5 Bd4+ 34. Ke1 Rc8 35. Rxc6 Kd7 36. Rh6 Kxc7 37. Rxh5 Bg4 38. Rh7+ Kb6 39. Re7 e3 40. Ne6 Bc3+ 0-1


[Site "https://www.chess.com"]

[Event "Titled Tuesday Blitz May 2 Late 2023"]
[White "Baskin, Robert"]
[Black "Steenbekkers, Franck"]
[WhiteFideId "24662402"]
[BlackFideId "1004220"]
[WhiteElo "2472"]
[BlackElo "2164"]
[Result "1-0"]
[Round "02"]
[TimeControl "180+2"]
[Date "2023.05.02"]
[WhiteClock "0:00:04"]
[BlackClock "0:00:06"]

1. e4 c5 2. Nf3 Nc6 3. Nc3 Nf6 4. Bb5 Nd4 5. O-O e6 6. Re1 a6 7. Bf1 Qc7 8. e5 Nd5 9. Nxd5 exd5 10. Nxd4 cxd4 11. Bd3 Be7 12. Qg4 O-O 13. Qxd4 b5 14. b3 Bc5 15. Qh4 g6 16. Bb2 Bb7 17. b4 Bb6 18. Qf6 d4 19. h4 Rfe8 20. h5 Re6 21. Qg5 Rae8 22. f4 d6 23. f5 Rxe5 24. Rxe5 Rxe5 25. Rf1 Be4 26. h6 Bxd3 27. Qf6 Kf8 28. Qg7+ Ke8 29. Qg8+ Kd7 30. cxd3 Qd8 31. Qxf7+ Qe7 32. fxg6 hxg6 33. h7 Rh5 34. Qxg6 Rxh7 35. Rc1 Rg7 36. Qf5+ Qe6 37. Qf3 d5 38. Qf8 Qg4 39. Qc8+ Kd6 40. Rc6+ Ke5 41. Qe8+ Kf4 42. Rf6+ Kg3 43. Qe1# 1-0


[Site "https://www.chess.com"]

[Event "Titled Tuesday Blitz May 2 Late 2023"]
[White "Maiti, Milind"]
[Black "Muradli, Mahammad"]
[WhiteFideId "2090767"]
[BlackFideId "13409301"]
[WhiteElo "2150"]
[BlackElo "2558"]
[Result "1-0"]
[Round "02"]
[TimeControl "180+2"]
[Date "2023.05.02"]
[WhiteClock "0:00:14"]
[BlackClock "0:00:01"]

1. d4 Nf6 2. c4 c5 3. d5 b5 4. cxb5 a6 5. bxa6 g6 6. Nc3 Bg7 7. a7 Rxa7 8. e4 d6 9. Nf3 O-O 10. Be2 Na6 11. O-O Nd7 12. Nb5 Ra8 13. a4 Nc7 14. Ra3 Ba6 15. Nd2 Qb8 16. Rb3 Nb6 17. Nc4 Bxb5 18. axb5 Ra4 19. Qc2 Qb7 20. Bd2 Rfa8 21. g3 Bd4 22. Kg2 R8a7 23. h4 Nca8 24. h5 Nxc4 25. Bxc4 Nb6 26. Be2 Qd7 27. hxg6 hxg6 28. Rh1 c4 29. Rf3 Be5 30. Bc3 Qxb5 31. Bxe5 dxe5 32. Qc3 Nd7 33. Qe3 Kf8 34. Qh6+ Ke8 35. Qg7 Kd8 36. Qxf7 Kc7 37. Qxe7 Qc5 38. Qg7 Ra3 39. bxa3 1-0


[Site "https://www.chess.com"]

[Event "Titled Tuesday Blitz May 2 Late 2023"]
[White "Martin Barcelo, Carles"]
[Black "Suleymanli, Aydin"]
[WhiteFideId "24561444"]
[BlackFideId "13413937"]
[WhiteElo "2089"]
[BlackElo "2559"]
[Result "0-1"]
[Round "02"]
[TimeControl "180+2"]
[Date "2023.05.02"]
[WhiteClock "0:00:20"]
[BlackClock "0:01:20"]

1. e4 c5 2. Nf3 e6 3. c3 Nf6 4. Qc2 Nc6 5. d4 cxd4 6. cxd4 d5 7. e5 Ne4 8. a3 Bd7 9. Bd3 Rc8 10. Nc3 Nxc3 11. bxc3 Be7 12. Bxh7 Qa5 13. O-O g6 14. Bxg6 fxg6 15. Qxg6+ Kd8 16. Rb1 Kc7 17. c4 dxc4 18. d5 Qxd5 19. Qc2 Rcg8 20. Kh1 Rxg2 21. Kxg2 Rg8+ 0-1


[Site "https://www.chess.com"]

[Event "Titled Tuesday Blitz May 2 Late 2023"]
[White "Flynn, Jacob"]
[Black "Kuznetsov, Felix"]
[WhiteFideId "2509393"]
[BlackFideId "34147990"]
[WhiteElo "2053"]
[BlackElo "2265"]
[Result "1-0"]
[Round "02"]
[TimeControl "180+2"]
[Date "2023.05.02"]
[WhiteClock "0:00:11"]
[BlackClock "0:00:09"]

1. d4 Nf6 2. Nf3 e6 3. c4 a6 4. Nc3 d5 5. cxd5 exd5 6. Bg5 Be6 7. e3 Nbd7 8. Bd3 h6 9. Bf4 g5 10. Bg3 Nh5 11. Qc2 Nxg3 12. hxg3 Bg7 13. O-O c6 14. Rad1 O-O 15. e4 dxe4 16. Nxe4 Nf6 17. Nc5 Qc8 18. Ne5 Bd5 19. Nc4 Qc7 20. Ne3 Rfe8 21. Nf5 Bf8 22. b3 Rad8 23. Rfe1 a5 24. Ne4 Nxe4 25. Bxe4 Qd7 26. Bxd5 Qxd5 27. Rxe8 Rxe8 28. Ne3 Qe4 29. Qxe4 Rxe4 30. d5 cxd5 31. Rxd5 a4 32. Rb5 a3 33. Rxb7 Rd4 34. Rc7 Rd3 35. Kf1 Bb4 36. Rc2 Kh7 37. Ke2 Rd7 38. f4 Re7 39. Kf3 Kg6 40. Nd5 Rb7 41. Rc6+ Kg7 42. Nxb4 Rxb4 43. Ra6 Rd4 44. Rxa3 Rd3+ 45. Kf2 Rd2+ 46. Kf3 f5 47. fxg5 hxg5 48. g4 fxg4+ 49. Kg3 Kg6 50. b4 Kh5 51. b5 Rb2 52. Ra5 Kg6 53. Ra6+ Kf5 54. b6 Rb1 55. a4 Rb3+ 56. Kf2 g3+ 57. Ke2 Kf4 58. a5 Rb2+ 59. Kd3 Rxg2 60. b7 Rb2 61. Rb6 Rxb6 62. axb6 g2 63. b8=Q+ Kg4 64. Qc8+ Kg3 65. Qc1 Kh2 66. b7 g4 67. b8=Q+ g3 68. Qxg3+ Kxg3 69. Qg1 Kf3 70. Kd2 Kg3 71. Ke3 Kh3 72. Kf2 Kh4 73. Qxg2 Kh5 74. Kf3 1-0


[Site "https://www.chess.com"]

[Event "Titled Tuesday Blitz May 2 Late 2023"]
[White "Batsiashvili, Nino"]
[Black "Kucuksari, Kaan"]
[WhiteFideId "13602993"]
[BlackFideId "6380166"]
[WhiteElo "2231"]
[BlackElo "2364"]
[Result "1-0"]
[Round "02"]
[TimeControl "180+2"]
[Date "2023.05.02"]
[WhiteClock "0:00:56"]
[BlackClock "0:00:06"]

1. d4 f5 2. e4 fxe4 3. Nc3 Nf6 4. f3 d5 5. fxe4 dxe4 6. Bc4 Bg4 7. Nge2 Nc6 8. O-O e5 9. dxe5 Qxd1 10. Rxd1 Nxe5 11. Bb3 Bc5+ 12. Kh1 Bd7 13. h3 O-O-O 14. Bf4 Rhe8 15. Ng3 Bc6 16. Rxd8+ Kxd8 17. Re1 Ng6 18. Bg5 e3 19. Nh5 Kc8 20. Nxg7 Ne4 21. Nxe8 Nxg5 22. Nf6 Nxh3 23. Be6+ Kd8 24. Bxh3 Nf4 25. Nfe4 Bd4 26. Kh2 Ke7 27. g3 Nxh3 28. Kxh3 b5 29. Ng5 b4 30. Nd1 h6 31. Nxe3 Bd7+ 32. g4 Kd6 33. Nf3 Bf6 34. Nf5+ Bxf5 35. gxf5 Bxb2 36. Re6+ Kd5 37. Rxh6 c5 38. Kg4 a5 39. f6 Ke6 40. Ng5+ Kd7 41. Rh7+ Ke8 42. f7+ Ke7 43. Ne6 1-0


[Site "https://www.chess.com"]

[Event "Titled Tuesday Blitz May 2 Late 2023"]
[White "Korchmar, Vasiliy"]
[Black "Hoffmann, Asa"]
[WhiteFideId "24131750"]
[BlackFideId "2001470"]
[WhiteElo "2370"]
[BlackElo "2117"]
[Result "1-0"]
[Round "02"]
[TimeControl "180+2"]
[Date "2023.05.02"]
[WhiteClock "0:01:29"]
[BlackClock "0:01:21"]

1. e4 d6 2. d4 Nf6 3. Nc3 c6 4. g3 Nbd7 5. Bg2 e5 6. Nge2 Be7 7. O-O b5 8. a3 a6 9. h3 Bb7 10. Be3 O-O 11. g4 Qc7 12. Ng3 g6 13. g5 Ne8 14. f4 exf4 15. Bxf4 Ng7 16. h4 Ne6 17. Be3 Ng7 18. h5 Ne6 19. Qg4 Bc8 20. hxg6 hxg6 21. Nf5 Nb6 22. Qh4 Nc4 23. Rf3 Nxg5 24. Nxe7+ Qxe7 25. Bxg5 Qe6 26. Bf6 1-0


[Site "https://www.chess.com"]

[Event "Titled Tuesday Blitz May 2 Late 2023"]
[White "Dobrowolski, Piotr"]
[Black "Fajdetic, Hrvoje"]
[WhiteFideId "1106236"]
[BlackFideId "14501945"]
[WhiteElo "2320"]
[BlackElo "2185"]
[Result "1-0"]
[Round "02"]
[TimeControl "180+2"]
[Date "2023.05.02"]
[WhiteClock "0:00:28"]
[BlackClock "0:00:01"]

1. e4 e6 2. Nf3 d5 3. Nc3 dxe4 4. Nxe4 Nd7 5. d4 Ngf6 6. Nxf6+ Nxf6 7. Bc4 c5 8. O-O cxd4 9. Qe2 Bc5 10. Rd1 O-O 11. Bg5 Qc7 12. Bxf6 gxf6 13. Nxd4 Qe5 14. Qg4+ Qg5 15. Qe4 e5 16. Nf3 Qg6 17. Qd5 Bb6 18. Bd3 Qh6 19. a4 Rd8 20. Qe4 Bc7 21. a5 f5 22. Qc4 Bd6 23. Qh4 Qxh4 24. Nxh4 e4 25. Bc4 Be7 26. Rxd8+ Bxd8 27. g3 Bxh4 28. gxh4 Be6 29. Bxe6 fxe6 30. Rd1 Rf8 31. Rd6 Rf6 32. a6 bxa6 33. Rxa6 Rg6+ 34. Kf1 Rg7 35. Rxe6 Rb7 36. b3 Rb5 37. Ke2 a5 38. f4 Kf7 39. Rh6 Kg7 40. Ra6 Rc5 41. c4 Kf7 42. h5 Kg7 43. h6+ Kf7 44. Ke3 Kf8 45. Kd4 1-0


[Site "https://www.chess.com"]

[Event "Titled Tuesday Blitz May 2 Late 2023"]
[White "Cueto, Jonny"]
[Black "Aggelis, Nikolaos"]
[WhiteFideId "3300145"]
[BlackFideId "4213220"]
[WhiteElo "2234"]
[BlackElo "2189"]
[Result "0-1"]
[Round "02"]
[TimeControl "180+2"]
[Date "2023.05.02"]
[WhiteClock "0:00:01"]
[BlackClock "0:00:16"]

1. d4 f5 2. Bf4 Nf6 3. e3 e6 4. Nf3 b6 5. h3 Bb7 6. Nbd2 Be7 7. Be2 O-O 8. O-O d6 9. c4 Nbd7 10. Rc1 Kh8 11. a4 a5 12. Nh2 Ne4 13. Nxe4 fxe4 14. Bg4 e5 15. dxe5 Nxe5 16. Bxe5 dxe5 17. Be6 Rf6 18. Bd5 Rd6 19. Qc2 Bxd5 20. cxd5 Rxd5 21. Qxc7 Bc5 22. Qf7 Qd7 23. Qh5 g6 24. Qh4 Qf5 25. Ng4 h5 26. Nf6 Be7 27. Rc6 Rf8 28. Nxd5 Bxh4 29. Rc2 Qe6 30. Nc7 Qb3 31. Rd2 Qxa4 32. Rfd1 Qc6 33. Nd5 Rd8 34. Nb4 Rxd2 0-1


[Site "https://www.chess.com"]

[Event "Titled Tuesday Blitz May 2 Late 2023"]
[White "Richter, Paul"]
[Black "Senft, Sean"]
[WhiteFideId "2046350"]
[BlackFideId "2044960"]
[WhiteElo "2171"]
[BlackElo "1989"]
[Result "1-0"]
[Round "02"]
[TimeControl "180+2"]
[Date "2023.05.02"]
[WhiteClock "0:00:39"]
[BlackClock "0:00:01"]

1. e4 c5 2. Nf3 d6 3. d4 cxd4 4. Nxd4 Nf6 5. Nc3 a6 6. Be2 e5 7. Nb3 Be7 8. g4 b5 9. g5 Nfd7 10. h4 Bb7 11. Nd5 Nb6 12. Nxb6 Qxb6 13. Be3 Qc7 14. f3 Nc6 15. Qd2 Nd8 16. O-O-O Ne6 17. h5 O-O-O 18. g6 hxg6 19. hxg6 f6 20. Rh7 Rhg8 21. Rh2 d5 22. exd5 Rxd5 23. Qe1 Rxd1+ 24. Qxd1 Nc5 25. Kb1 Nxb3 26. axb3 Bc5 27. Bc1 Rd8 28. Qh1 Bc6 29. Bd3 Rxd3 30. cxd3 Qd7 31. Rc2 Qxd3 32. Qh8+ Kb7 33. Qxg7+ Kb6 34. Qxf6 e4 35. g7 Qd5 36. fxe4 1-0


[Site "https://www.chess.com"]

[Event "Titled Tuesday Blitz May 2 Late 2023"]
[White "Naroditsky, Daniel"]
[Black "Bueno, Alfeu Junior Varela"]
[WhiteFideId "2026961"]
[BlackFideId "2108879"]
[WhiteElo "2633"]
[BlackElo "2175"]
[Result "1-0"]
[Round "02"]
[TimeControl "180+2"]
[Date "2023.05.02"]
[WhiteClock "0:02:33"]
[BlackClock "0:00:38"]

1. d4 e6 2. Nc3 d5 3. Bf4 Bb4 4. e3 Nf6 5. Bd3 O-O 6. Nf3 Bxc3+ 7. bxc3 c5 8. dxc5 Qa5 9. O-O Qxc5 10. Nd4 Nc6 11. Nb3 Qe7 12. Bg5 h6 13. Bh4 e5 14. c4 Be6 15. cxd5 Bxd5 16. c4 Be6 17. Qe2 Rad8 18. Rad1 Nb4 19. Bb1 Qc7 20. Bxf6 gxf6 21. Nd2 f5 22. Qh5 Nd3 23. Qxh6 f6 24. Nf3 Bxc4 25. Qg6+ Qg7 26. Qxf5 Qh7 27. Qg4+ Qg7 28. Qxc4+ 1-0


[Site "https://www.chess.com"]

[Event "Titled Tuesday Blitz May 2 Late 2023"]
[White "Bachmann, Axel"]
[Black "Debray, Christopher"]
[WhiteFideId "3700488"]
[BlackFideId "630810"]
[WhiteElo "2605"]
[BlackElo "2340"]
[Result "1-0"]
[Round "02"]
[TimeControl "180+2"]
[Date "2023.05.02"]
[WhiteClock "0:01:17"]
[BlackClock "0:00:02"]

1. Nf3 d5 2. c4 e6 3. e3 Nf6 4. b3 Nbd7 5. Bb2 Be7 6. Nc3 O-O 7. Rc1 c6 8. Rg1 e5 9. g4 e4 10. g5 exf3 11. gxf6 Bxf6 12. cxd5 Ne5 13. d4 Ng4 14. Bd3 Bh4 15. Rxg4 Bxg4 16. dxc6 bxc6 17. Ne4 Qa5+ 18. Kf1 Bh3+ 19. Kg1 Qh5 20. Rc5 Qh6 21. Qxf3 Be7 22. Rh5 Qg6+ 23. Ng3 Qxd3 24. Rxh3 Qb1+ 25. Kg2 Qxb2 26. Qe4 g6 27. Qxe7 Rae8 28. Qh4 h5 29. Nxh5 Rxe3 30. Nf6+ Kg7 31. Ng4 Rg3+ 32. hxg3 Qxd4 33. Qh7# 1-0


[Site "https://www.chess.com"]

[Event "Titled Tuesday Blitz May 2 Late 2023"]
[White "Gerbelli Neto, Eduardo"]
[Black "Tristan, Leonardo"]
[WhiteFideId "2103281"]
[BlackFideId "113816"]
[WhiteElo "2178"]
[BlackElo "2461"]
[Result "0-1"]
[Round "02"]
[TimeControl "180+2"]
[Date "2023.05.02"]
[WhiteClock "0:00:32"]
[BlackClock "0:02:16"]

1. e4 d5 2. exd5 Qxd5 3. Nc3 Qa5 4. Bc4 Nf6 5. d3 Bg4 6. f3 Bd7 7. Qe2 e6 8. Bd2 Qb6 9. O-O-O Nc6 10. Be3 Bc5 11. Bxc5 Qxc5 12. Ne4 Nxe4 13. fxe4 Nd4 14. Qd2 b5 15. Bb3 a5 16. c3 Nxb3+ 17. axb3 a4 18. b4 Qe7 19. Nf3 c5 20. bxc5 Qxc5 21. d4 Qc4 22. Ne5 Qa2 23. Nxd7 Kxd7 24. d5 e5 25. Qg5 a3 26. Qf5+ Kd6 27. Qf2 Qa1+ 28. Kd2 Qxb2+ 29. Ke1 Qxf2+ 30. Kxf2 Rhc8 0-1


[Site "https://www.chess.com"]

[Event "Titled Tuesday Blitz May 2 Late 2023"]
[White "Bashkansky, Ethan"]
[Black "Guerra Tulcan, Lenin"]
[WhiteFideId "2071533"]
[BlackFideId "3601382"]
[WhiteElo "2101"]
[BlackElo "2368"]
[Result "1/2-1/2"]
[Round "02"]
[TimeControl "180+2"]
[Date "2023.05.02"]
[WhiteClock "0:00:05"]
[BlackClock "0:00:32"]

1. d4 Nf6 2. c4 c5 3. d5 b5 4. cxb5 a6 5. bxa6 Bxa6 6. g3 d6 7. Bg2 g6 8. b3 Bg7 9. Bb2 O-O 10. Nh3 Nbd7 11. O-O Nb6 12. Nf4 c4 13. b4 Bb5 14. Nc3 Qd7 15. Nxb5 Qxb5 16. a3 Rfc8 17. Rc1 g5 18. Nh3 Nbxd5 19. e4 g4 20. exd5 gxh3 21. Bxh3 Rc7 22. Re1 Qxd5 23. Qxd5 Nxd5 24. Bxg7 Kxg7 25. Bg2 e6 26. Red1 Rxa3 27. Bxd5 exd5 28. Rxd5 Rd3 29. Rxd3 cxd3 30. Rd1 Rc3 31. Kg2 Kf6 32. Kf3 Ke5 33. Ke3 Rb3 34. Rxd3 Rxb4 35. f4+ Ke6 36. g4 Rb2 37. h4 Rh2 38. h5 Rh3+ 39. Ke4 Rxd3 40. Kxd3 Kd5 41. Ke3 Kc4 42. g5 Kd5 43. f5 Ke5 44. g6 fxg6 45. fxg6 hxg6 46. hxg6 Kf6 47. Kd4 Kxg6 48. Kd5 Kf7 49. Kxd6 1/2-1/2


[Site "https://www.chess.com"]

[Event "Titled Tuesday Blitz May 2 Late 2023"]
[White "Ankerst, Mihael"]
[Black "Wieczorek, Oskar"]
[WhiteFideId "14602369"]
[BlackFideId "1133950"]
[WhiteElo "2370"]
[BlackElo "2418"]
[Result "0-1"]
[Round "02"]
[TimeControl "180+2"]
[Date "2023.05.02"]
[WhiteClock "0:00:02"]
[BlackClock "0:01:55"]

1. e4 c5 2. Nf3 e6 3. d4 cxd4 4. Nxd4 Nf6 5. Nc3 d6 6. Bc4 Be7 7. Be3 O-O 8. f4 d5 9. exd5 exd5 10. Bb3 Nc6 11. O-O Ng4 12. Qd3 Nxe3 13. Qxe3 Bc5 14. Nce2 Re8 15. Qc3 Qb6 16. Kh1 Nxd4 17. Nxd4 Bxd4 18. Qd3 Bg4 19. c3 Be2 20. Qxd4 Qxd4 21. cxd4 Bxf1 22. Rxf1 Re4 23. Bxd5 Rxd4 24. Bxb7 Rb8 25. Bf3 Rxb2 26. Rc1 g6 27. a3 Rxf4 28. h3 Ra4 29. Rc3 Ra2 30. Rc7 R4xa3 31. Bd5 Rf2 32. Kg1 Rf5 33. Be4 Re5 34. Bf3 h5 35. Kh2 a5 36. Kg3 Rb3 37. Kf4 Rf5+ 38. Ke4 Rb4+ 39. Ke3 a4 40. Ra7 Rb3+ 41. Ke4 a3 42. Kd4 Rfxf3 43. gxf3 Rxf3 44. h4 Rf4+ 45. Ke5 Rxh4 46. Kf6 Rf4+ 47. Kg5 Rf5+ 48. Kh6 Kf8 49. Rxa3 h4 50. Ra8+ Ke7 51. Kg7 h3 52. Ra7+ Ke6 0-1


[Site "https://www.chess.com"]

[Event "Titled Tuesday Blitz May 2 Late 2023"]
[White "Lenaerts, Lennert"]
[Black "Gatterer, Florian"]
[WhiteFideId "211435"]
[BlackFideId "811688"]
[WhiteElo "2334"]
[BlackElo "2221"]
[Result "1-0"]
[Round "02"]
[TimeControl "180+2"]
[Date "2023.05.02"]
[WhiteClock "0:01:19"]
[BlackClock "0:00:10"]

1. d4 d5 2. c4 c6 3. cxd5 cxd5 4. Bf4 Nf6 5. Nc3 Nc6 6. e3 Bf5 7. Nf3 e6 8. Qb3 Bb4 9. Ne5 Bxc3+ 10. bxc3 Nxe5 11. Bxe5 O-O 12. Be2 Ne4 13. f3 Nd6 14. Qb4 Nc4 15. Bxc4 dxc4 16. Qxc4 Rc8 17. Qb4 a5 18. Qa3 Bd3 19. Kf2 b5 20. Rhd1 Bc4 21. Rac1 Qh4+ 22. Bg3 Qd8 23. e4 f5 24. exf5 exf5 25. Be5 f4 26. Kg1 Qd5 27. Re1 a4 28. Qe7 Rf7 29. Qg5 h6 30. Qg4 Rcf8 31. Re4 Bxa2 32. Rxf4 Bc4 33. Ra1 Qe6 34. Rxf7 Rxf7 35. Qxe6 Bxe6 36. Kf2 Bd5 37. Bd6 Rd7 38. Bc5 Kf7 39. Re1 Rb7 40. Re5 Bc4 41. d5 b4 42. Bxb4 a3 43. Bxa3 Rb3 44. Bb4 Rb2+ 45. Kg3 Re2 46. Rxe2 Bxe2 47. Kf4 Bc4 48. Ke5 Bf1 49. g3 Be2 50. f4 g5 51. fxg5 hxg5 52. h4 gxh4 53. gxh4 Bg4 54. c4 Bh5 55. c5 Bg4 56. c6 Bh5 57. d6 Bg4 58. d7 Bxd7 59. cxd7 Kg6 60. d8=Q 1-0


[Site "https://www.chess.com"]

[Event "Titled Tuesday Blitz May 2 Late 2023"]
[White "Silva, Kaua Marques"]
[Black "Adla, Diego"]
[WhiteFideId "22701168"]
[BlackFideId "100072"]
[WhiteElo "2159"]
[BlackElo "2377"]
[Result "0-1"]
[Round "02"]
[TimeControl "180+2"]
[Date "2023.05.02"]
[WhiteClock "0:00:15"]
[BlackClock "0:00:24"]

1. e4 e5 2. Nc3 Nf6 3. f4 d5 4. fxe5 Nxe4 5. Nf3 Be7 6. d4 c5 7. dxc5 Nxc3 8. bxc3 Bxc5 9. c4 O-O 10. Qxd5 Qb6 11. Bd3 Nc6 12. Bd2 Ne7 13. Qe4 Bf5 14. Qe2 Rad8 15. Bc3 Bg6 16. h4 Nf5 17. Rh3 h5 18. Ng5 Bd4 19. Bxd4 Qxd4 20. Rd1 Qf4 21. Qf3 Qxe5+ 22. Kf2 Rfe8 23. Kg1 Nxh4 24. Rxh4 Qxg5 25. Rf4 Bxd3 26. cxd3 f6 27. Re4 Rxe4 28. Qxe4 Qg4 29. Qxg4 hxg4 30. Kf2 Kf7 31. Ke3 f5 32. a4 b6 33. a5 Kf6 34. axb6 axb6 35. d4 g5 36. g3 f4+ 37. gxf4 Re8+ 38. Kd3 gxf4 39. d5 f3 40. d6 Kf5 41. d7 Rd8 42. Ke3 Ke6 43. Kf4 Rxd7 44. Re1+ Kd6 45. Kxg4 Rf7 46. Kg3 Kc5 47. Rc1 f2 48. Kg2 f1=Q+ 0-1


[Site "https://www.chess.com"]

[Event "Titled Tuesday Blitz May 2 Late 2023"]
[White "Weber, Samuel"]
[Black "Feng, Eric"]
[WhiteFideId "12924008"]
[BlackFideId "30952590"]
[WhiteElo "2162"]
[BlackElo "1785"]
[Result "0-1"]
[Round "02"]
[TimeControl "180+2"]
[Date "2023.05.02"]
[WhiteClock "0:00:08"]
[BlackClock "0:00:06"]

1. b3 Nf6 2. c4 g6 3. Bb2 Bg7 4. e3 O-O 5. Nf3 d6 6. Be2 Nbd7 7. O-O e5 8. d3 Qe7 9. Nbd2 b6 10. Re1 Bb7 11. e4 Rad8 12. Nf1 Nh5 13. g3 f5 14. exf5 gxf5 15. Nxe5 Nxg3 16. hxg3 Nxe5 17. d4 Ng6 18. Qc2 Qf7 19. f4 Nxf4 20. gxf4 Qg6+ 21. Kf2 Qg2+ 22. Ke3 Rde8+ 23. Kd2 Bf3 24. Qd3 Bg4 25. Ne3 Qg3 26. Rg1 Qxf4 27. Raf1 Qg5 28. Bxg4 fxg4 29. Rxg4 Qh6 30. Rxf8+ Rxf8 31. d5 Rf2+ 32. Ke1 Rf7 33. Nf5 Qh1+ 34. Kd2 Qh2+ 35. Qe2 Qh3 36. Rxg7+ Rxg7 37. Nxg7 Qh6+ 38. Qe3 Qh2+ 39. Kc1 Qh1+ 40. Kc2 Qg2+ 41. Qd2 Qg6+ 42. Kc1 Qg1+ 43. Qd1 Qg5+ 44. Qd2 Qg1+ 45. Kc2 Qg6+ 46. Qd3 Qg2+ 47. Kc3 Qxg7+ 48. Qd4 Qg3+ 49. Kb4 a5+ 50. Kb5 Qg6 51. Qh8+ Kf7 52. Qd8 Qc2 53. Qxc7+ Kf8 54. Bd4 Qxa2 55. Kc6 Qxb3 56. Qxd6+ Kg8 57. Kd7 Qxc4 58. Qe6+ Kf8 59. Bf6 Qb5+ 60. Qc6 Qe2 61. d6 Qe8+ 62. Kc7 Qe6 63. Be7+ Kf7 64. Qf3+ Kg6 65. Qd3+ Kf7 66. Qxh7+ Ke8 67. Qh8+ Kf7 68. Qg8+ Kxg8 69. Kd8 Kf7 70. Kc7 Ke8 71. Kc6 a4 72. Kxb6 a3 73. Kc7 Qd7+ 74. Kb6 a2 75. Kc5 a1=Q 76. Kb6 Qe5 77. Ka6 Qeb5# 0-1


[Site "https://www.chess.com"]

[Event "Titled Tuesday Blitz May 2 Late 2023"]
[White "Lee, Linden"]
[Black "Van Foreest, Machteld"]
[WhiteFideId "30941830"]
[BlackFideId "1051563"]
[WhiteElo "1985"]
[BlackElo "2018"]
[Result "1-0"]
[Round "02"]
[TimeControl "180+2"]
[Date "2023.05.02"]
[WhiteClock "0:01:55"]
[BlackClock "0:00:07"]

1. d4 d5 2. c4 c6 3. Nc3 Nf6 4. cxd5 cxd5 5. Bf4 Nc6 6. e3 e6 7. Be2 Bd6 8. Bxd6 Qxd6 9. f4 O-O 10. Nf3 Ne4 11. O-O f5 12. Ne5 Bd7 13. a3 Rac8 14. Rc1 Nxe5 15. fxe5 Qb6 16. Nxe4 fxe4 17. Rxf8+ Rxf8 18. Qd2 Qd8 19. Rf1 Qg5 20. Rxf8+ Kxf8 21. Bf1 Ke8 22. Kf2 Qf5+ 23. Ke1 Qh5 24. g3 Qf3 25. Bg2 Qh5 26. Bf1 Qf3 27. Qf2 g5 28. Qxf3 exf3 29. g4 Ba4 30. Bd3 h6 31. e4 Ke7 32. exd5 exd5 33. Kf2 Bd1 34. Bb1 b6 35. Ke3 f2 36. Kxf2 Bxg4 37. Ba2 Ke6 38. Kg3 Bf5 39. Bb3 h5 40. Bd1 h4+ 41. Kf2 g4 42. Ke3 g3 43. hxg3 h3 44. Kf2 Be4 45. Kg1 Kf5 46. Kh2 Bg2 47. Bc2+ Ke6 48. Bg6 a6 49. g4 b5 50. Bf5+ Ke7 51. g5 Kf7 52. Bxh3 Be4 53. Kg3 Kg6 54. Kf4 a5 55. Bd7 b4 56. axb4 axb4 57. Be8+ Kg7 58. e6 Kf8 59. Bh5 Ke7 60. Ke5 Bd3 61. g6 Be4 62. g7 Bh7 63. Bf7 1-0


[Site "https://www.chess.com"]

[Event "Titled Tuesday Blitz May 2 Late 2023"]
[White "Novik, Maxim"]
[Black "Lopez Del Alamo, Antonio"]
[WhiteFideId "4102924"]
[BlackFideId "2227339"]
[WhiteElo "2287"]
[BlackElo "2175"]
[Result "1-0"]
[Round "02"]
[TimeControl "180+2"]
[Date "2023.05.02"]
[WhiteClock "0:01:54"]
[BlackClock "0:02:18"]

1. d4 Nf6 2. c4 g6 3. Nc3 Bg7 4. e4 d6 5. Be2 O-O 6. Nf3 e5 7. O-O Nc6 8. d5 Ne7 9. b4 a5 10. Ba3 Re8 11. c5 axb4 12. Bxb4 Bg4 13. Nd2 Bxe2 14. Qxe2 Nc8 15. Nc4 Bf8 16. cxd6 Nxd6 17. Nxd6 Bxd6 18. Bxd6 Qxd6 19. Rab1 c6 20. Rxb7 cxd5 21. exd5 Nxd5 22. Qf3 Nf6 23. Ne4 1-0


[Site "https://www.chess.com"]

[Event "Titled Tuesday Blitz May 2 Late 2023"]
[White "Seemann, Jakub"]
[Black "Bryant, Todd"]
[WhiteFideId "21874697"]
[BlackFideId "2031299"]
[WhiteElo "2364"]
[BlackElo "2075"]
[Result "1-0"]
[Round "02"]
[TimeControl "180+2"]
[Date "2023.05.02"]
[WhiteClock "0:02:05"]
[BlackClock "0:00:27"]

1. d4 Nf6 2. Bf4 g6 3. Nf3 Bg7 4. c3 O-O 5. Nbd2 d6 6. h3 b6 7. e3 Bb7 8. Be2 Nbd7 9. O-O Re8 10. Bh2 e5 11. a4 a5 12. Ne1 Qe7 13. Bf3 Bxf3 14. Nexf3 Nh5 15. e4 Kh8 16. Qc2 Rf8 17. Rfe1 Nf4 18. Bxf4 exf4 19. Nc4 g5 20. e5 d5 21. Ncd2 h5 22. Qf5 Bh6 23. h4 g4 24. Qxh5 Kg7 25. Qxg4+ Kh7 26. Ng5+ Bxg5 27. hxg5 Rg8 28. Qh5+ Kg7 29. Qh6# 1-0


[Site "https://www.chess.com"]